[ AOE2 MATCH · #472134343 ]
UnrankedSpanish vs Franks
Player's team · LOSS
[ REPLAY ANALYSIS · EXTRACTED FROM THE RECORDED GAME ]
Feudal
12:21
Castle
23:21
Imperial
35:10
| APM avg | 22.6 |
| APM peak | 93 |
| eAPM avg | 15.4 |
| Villagers / military | 136 / 352 |
Focus
⚔️ 50.1% · 🌾 49.9%
Scout Cavalry ×129 · Conquistador ×101 · Spearman ×69 · Knight ×33 · Trebuchet (Packed) ×20 · Trade Cart ×2
Feudal
10:34
Castle
21:02
Imperial
37:21
| APM avg | 16.8 |
| APM peak | 134 |
| eAPM avg | 12.5 |
| Villagers / military | 167 / 445 |
Focus
⚔️ 36.0% · 🌾 64.0%
Throwing Axeman ×174 · Knight ×155 · Spearman ×102 · Trade Cart ×20 · Bombard Cannon ×13 · Monk ×1
Feudal
12:59
Castle
30:17
Imperial
46:09
| APM avg | 6.8 |
| APM peak | 24 |
| eAPM avg | 5.0 |
| Villagers / military | 49 / 57 |
Focus
⚔️ 28.8% · 🌾 71.2%
War Elephant ×48 · Battering Ram ×6 · Monk ×3
Feudal
14:57
Castle
33:08
Imperial
40:51
| APM avg | 16.0 |
| APM peak | 60 |
| eAPM avg | 11.6 |
| Villagers / military | 154 / 113 |
Focus
⚔️ 27.4% · 🌾 72.6%
Longbowman ×57 · Militia ×32 · Trebuchet (Packed) ×16 · Trade Cart ×9 · Fishing Ship ×9 · Petard ×6
Feudal
15:59
Castle
26:59
Imperial
36:07
| APM avg | 9.9 |
| APM peak | 30 |
| eAPM avg | 5.6 |
| Villagers / military | 94 / 56 |
Focus
⚔️ 32.0% · 🌾 68.0%
Hussite Wagon ×27 · Fishing Ship ×16 · Scout Cavalry ×11 · Bombard Cannon ×10 · Spearman ×7 · Trade Cart ×5
Feudal
13:43
Castle
29:04
Imperial
43:25
| APM avg | 9.5 |
| APM peak | 26 |
| eAPM avg | 7.0 |
| Villagers / military | 38 / 145 |
Focus
⚔️ 50.4% · 🌾 49.6%
Knight ×33 · Archer ×25 · Militia ×20 · Scorpion ×19 · Hussite Wagon ×15 · Skirmisher ×14
Feudal
15:01
Castle
27:22
Imperial
38:18
| APM avg | 9.2 |
| APM peak | 61 |
| eAPM avg | 8.6 |
| Villagers / military | 92 / 207 |
Focus
⚔️ 51.8% · 🌾 48.2%
Spearman ×70 · Throwing Axeman ×64 · Skirmisher ×32 · Hand Cannoneer ×17 · Scout Cavalry ×16 · Fishing Ship ×15
Feudal
14:46
Castle
24:17
Imperial
37:12
| APM avg | 13.6 |
| APM peak | 50 |
| eAPM avg | 9.9 |
| Villagers / military | 107 / 364 |
Focus
⚔️ 26.1% · 🌾 73.9%
Knight ×363 · Trade Cart ×43 · Monk ×1
Match map
Initial resources + every placement click. Lines = walls · curves = elevation contours. ◆ gold · ⬟ stone · ● berries · ✦ relic · ◌ wall gap
Your base· Open — unwalled flank
lucas_alfano's base· Open — unwalled flank
Jez's base· Open — unwalled flank
HerbNavigatorOfTheWorld_Spain's base· Open — 3t gap
PAPI ALBERT's base· Open — unwalled flank
Lewicha's base· Open — unwalled flank
El Ozil Tucumano⭐⭐⭐'s base· Open — unwalled flank
birtanonline's base· Open — unwalled flank
Smoothed initial terrain · ◌ = detected wall gap · hover for details
Inputs per minute
— FREDRIK - - lucas_alfano
Build order — FREDRIK
First 150 of 672 actions detected
| 0:02 | Create | Villager (Male) |
| 0:02 | Create | Villager (Male) |
| 0:02 | Create | Villager (Male) |
| 0:06 | Build | House |
| 0:06 | Build | House |
| 1:54 | Create | Villager (Male) |
| 1:54 | Create | Villager (Male) |
| 2:44 | Create | Villager (Male) |
| 2:44 | Create | Villager (Male) |
| 2:44 | Create | Villager (Male) |
| 3:35 | Create | Villager (Male) |
| 3:35 | Create | Villager (Male) |
| 3:36 | Create | Villager (Male) |
| 3:36 | Create | Villager (Male) |
| 3:36 | Create | Villager (Male) |
| 4:10 | Create | Villager (Male) |
| 4:10 | Create | Villager (Male) |
| 4:41 | Create | Villager (Male) |
| 4:42 | Create | Villager (Male) |
| 5:01 | Create | Villager (Male) |
| 5:30 | Create | Villager (Male) |
| 5:42 | Build | House |
| 5:43 | Build | House |
| 6:23 | Create | Villager (Male) |
| 6:23 | Create | Villager (Male) |
| 6:23 | Create | Villager (Male) |
| 6:36 | Create | Villager (Male) |
| 6:36 | Create | Villager (Male) |
| 6:47 | Build | Lumber Camp |
| 7:35 | Create | Villager (Male) |
| 7:35 | Create | Villager (Male) |
| 8:10 | Create | Villager (Male) |
| 8:31 | Create | Villager (Male) |
| 8:43 | Build | Mill |
| 9:21 | Create | Villager (Male) |
| 9:22 | Create | Villager (Male) |
| 9:22 | Create | Villager (Male) |
| 9:50 | Build | Mining Camp |
| 10:03 | Research | Feudal Age |
| 10:16 | Build | House |
| 10:17 | Build | House |
| 10:17 | Build | House |
| 10:34 | Create | Villager (Male) |
| 11:29 | Build | Farm |
| 11:30 | Build | Farm |
| 11:31 | Build | Farm |
| 12:21 | Age | Feudal Age |
| 12:24 | Research | Horse Collar |
| 12:34 | Build | Lumber Camp |
| 12:43 | Build | Lumber Camp |
| 12:46 | Create | Villager (Male) |
| 12:46 | Create | Villager (Male) |
| 12:47 | Create | Villager (Male) |
| 13:01 | Build | Farm |
| 13:03 | Build | Farm |
| 13:05 | Build | Farm |
| 13:06 | Build | Farm |
| 13:12 | Build | Farm |
| 13:13 | Build | Farm |
| 13:15 | Create | Villager (Male) |
| 13:15 | Create | Villager (Male) |
| 13:39 | Build | Farm |
| 13:39 | Build | Farm |
| 14:14 | Create | Villager (Male) |
| 14:14 | Create | Villager (Male) |
| 14:14 | Create | Villager (Male) |
| 14:56 | Create | Villager (Male) |
| 14:57 | Create | Villager (Male) |
| 15:08 | Build | Farm |
| 15:08 | Build | Farm |
| 15:10 | Build | Farm |
| 15:15 | Create | Villager (Male) |
| 15:15 | Create | Villager (Male) |
| 15:15 | Create | Villager (Male) |
| 15:15 | Create | Villager (Male) |
| 15:56 | Research | Double-Bit Axe |
| 16:18 | Create | Villager (Male) |
| 16:18 | Create | Villager (Male) |
| 16:30 | Build | Farm |
| 16:31 | Build | Farm |
| 16:36 | Create | Villager (Male) |
| 16:36 | Create | Villager (Male) |
| 16:36 | Create | Villager (Male) |
| 17:29 | Build | Farm |
| 17:30 | Build | Farm |
| 17:32 | Build | Farm |
| 17:34 | Build | Farm |
| 17:36 | Create | Villager (Male) |
| 17:36 | Create | Villager (Male) |
| 17:46 | Build | House |
| 17:47 | Build | House |
| 17:52 | Create | Villager (Male) |
| 17:53 | Create | Villager (Male) |
| 18:28 | Create | Villager (Male) |
| 19:03 | Build | Market |
| 19:10 | Build | Blacksmith |
| 19:19 | Create | Villager (Male) |
| 19:19 | Create | Villager (Male) |
| 20:15 | Research | Gold Mining |
| 20:26 | Create | Villager (Male) |
| 20:26 | Create | Villager (Male) |
| 20:38 | Research | Castle Age |
| 21:41 | Create | Villager (Male) |
| 21:41 | Create | Villager (Male) |
| 21:42 | Create | Villager (Male) |
| 21:42 | Create | Villager (Male) |
| 23:21 | Age | Castle Age |
| 23:38 | Build | Town Center |
| 23:44 | Create | Villager (Male) |
| 23:44 | Create | Villager (Male) |
| 23:58 | Build | Town Center |
| 24:02 | Create | Villager (Male) |
| 24:09 | Research | Stone Mining |
| 24:15 | Research | Bow Saw |
| 24:26 | Create | Villager (Male) |
| 24:27 | Create | Villager (Male) |
| 24:27 | Create | Villager (Male) |
| 24:27 | Create | Villager (Male) |
| 24:42 | Build | House |
| 24:43 | Build | House |
| 24:44 | Build | House |
| 24:45 | Build | House |
| 24:51 | Build | House |
| 24:51 | Build | House |
| 24:55 | Create | Villager (Male) |
| 24:55 | Create | Villager (Male) |
| 24:57 | Create | Villager (Male) |
| 24:57 | Create | Villager (Male) |
| 24:57 | Create | Villager (Male) |
| 24:58 | Create | Villager (Male) |
| 24:58 | Create | Villager (Male) |
| 24:59 | Create | Villager (Male) |
| 25:00 | Create | Villager (Male) |
| 25:05 | Build | Farm |
| 25:06 | Build | Farm |
| 25:07 | Build | Farm |
| 25:09 | Build | Farm |
| 25:16 | Create | Villager (Male) |
| 25:16 | Create | Villager (Male) |
| 25:35 | Create | Trade Cart |
| 25:36 | Create | Trade Cart |
| 25:49 | Research | Heavy Plow |
| 25:52 | Research | Stone Shaft Mining |
| 25:56 | Create | Villager (Male) |
| 25:56 | Create | Villager (Male) |
| 26:03 | Create | Villager (Male) |
| 26:03 | Create | Villager (Male) |
| 26:32 | Create | Villager (Male) |
| 26:32 | Create | Villager (Male) |
| 26:32 | Create | Villager (Male) |
Build order — lucas_alfano
First 150 of 583 actions detected
| 0:05 | Build | House |
| 0:08 | Create | Villager (Male) |
| 0:08 | Create | Villager (Male) |
| 0:08 | Create | Villager (Male) |
| 0:08 | Create | Villager (Male) |
| 0:42 | Build | House |
| 1:16 | Build | House |
| 1:35 | Create | Villager (Male) |
| 2:06 | Create | Villager (Male) |
| 2:07 | Create | Villager (Male) |
| 2:38 | Create | Villager (Male) |
| 2:38 | Create | Villager (Male) |
| 3:02 | Create | Villager (Male) |
| 3:32 | Create | Villager (Male) |
| 3:53 | Create | Villager (Male) |
| 3:54 | Create | Villager (Male) |
| 4:33 | Build | Mill |
| 4:57 | Create | Villager (Male) |
| 4:58 | Create | Villager (Male) |
| 4:58 | Create | Villager (Male) |
| 4:58 | Create | Villager (Male) |
| 5:21 | Build | Lumber Camp |
| 5:52 | Build | Lumber Camp |
| 6:06 | Create | Villager (Male) |
| 6:06 | Create | Villager (Male) |
| 6:07 | Create | Villager (Male) |
| 6:07 | Create | Villager (Male) |
| 7:16 | Build | House |
| 7:34 | Create | Villager (Male) |
| 7:35 | Create | Villager (Male) |
| 7:35 | Create | Villager (Male) |
| 8:24 | Research | Feudal Age |
| 9:15 | Build | Mill |
| 9:36 | Build | House |
| 9:49 | Build | Farm |
| 10:06 | Build | Farm |
| 10:26 | Build | House |
| 10:34 | Age | Feudal Age |
| 10:36 | Build | Farm |
| 10:40 | Create | Villager (Male) |
| 10:40 | Create | Villager (Male) |
| 10:40 | Create | Villager (Male) |
| 10:40 | Create | Villager (Male) |
| 10:41 | Create | Villager (Male) |
| 10:41 | Create | Villager (Male) |
| 10:41 | Create | Villager (Male) |
| 11:42 | Research | Double-Bit Axe |
| 11:52 | Create | Villager (Male) |
| 11:52 | Create | Villager (Male) |
| 11:53 | Create | Villager (Male) |
| 12:17 | Research | Loom |
| 12:35 | Build | Farm |
| 12:41 | Build | Farm |
| 13:08 | Build | Mill |
| 13:27 | Research | Wheelbarrow |
| 13:46 | Build | Mining Camp |
| 14:27 | Create | Villager (Male) |
| 14:27 | Create | Villager (Male) |
| 14:27 | Create | Villager (Male) |
| 14:27 | Create | Villager (Male) |
| 14:27 | Create | Villager (Male) |
| 14:28 | Create | Villager (Male) |
| 14:46 | Research | Gold Mining |
| 15:54 | Build | Farm |
| 15:59 | Build | Farm |
| 16:14 | Create | Villager (Male) |
| 16:14 | Create | Villager (Male) |
| 16:14 | Create | Villager (Male) |
| 16:14 | Create | Villager (Male) |
| 16:52 | Build | Market |
| 17:18 | Build | House |
| 17:52 | Build | Blacksmith |
| 18:22 | Research | Castle Age |
| 18:28 | Build | Mining Camp |
| 18:32 | Research | Stone Mining |
| 18:38 | Build | Farm |
| 19:22 | Research | Forging |
| 19:56 | Create | Trade Cart |
| 19:56 | Create | Trade Cart |
| 19:56 | Create | Trade Cart |
| 19:57 | Create | Trade Cart |
| 20:27 | Create | Villager (Male) |
| 20:27 | Create | Villager (Male) |
| 20:27 | Create | Villager (Male) |
| 20:27 | Create | Villager (Male) |
| 20:28 | Create | Villager (Male) |
| 20:28 | Create | Villager (Male) |
| 21:02 | Age | Castle Age |
| 21:04 | Build | Town Center |
| 21:13 | Research | Bow Saw |
| 21:25 | Build | Town Center |
| 21:35 | Build | House |
| 21:56 | Build | House |
| 22:28 | Create | Villager (Male) |
| 22:29 | Create | Villager (Male) |
| 22:29 | Create | Villager (Male) |
| 22:29 | Create | Villager (Male) |
| 22:29 | Create | Villager (Male) |
| 22:30 | Create | Villager (Male) |
| 22:30 | Create | Villager (Male) |
| 22:30 | Create | Villager (Male) |
| 22:48 | Build | Farm |
| 22:54 | Build | Farm |
| 22:58 | Build | House |
| 23:07 | Create | Villager (Male) |
| 23:07 | Create | Villager (Male) |
| 23:07 | Create | Villager (Male) |
| 23:07 | Create | Villager (Male) |
| 23:08 | Create | Villager (Male) |
| 23:13 | Build | Farm |
| 23:18 | Build | Farm |
| 23:24 | Build | Farm |
| 23:32 | Create | Villager (Male) |
| 23:32 | Create | Villager (Male) |
| 23:32 | Create | Villager (Male) |
| 23:41 | Build | Farm |
| 23:55 | Build | Mining Camp |
| 23:59 | Build | Farm |
| 24:04 | Create | Villager (Male) |
| 24:04 | Create | Villager (Male) |
| 24:04 | Create | Villager (Male) |
| 24:51 | Create | Villager (Male) |
| 24:52 | Create | Villager (Male) |
| 24:54 | Create | Villager (Male) |
| 24:57 | Create | Villager (Male) |
| 24:57 | Create | Villager (Male) |
| 25:13 | Create | Trade Cart |
| 25:13 | Create | Trade Cart |
| 25:14 | Create | Trade Cart |
| 25:14 | Create | Trade Cart |
| 25:14 | Create | Trade Cart |
| 25:24 | Build | Farm |
| 25:29 | Build | Farm |
| 25:40 | Build | Castle |
| 25:44 | Research | Hand Cart |
| 25:49 | Build | Farm |
| 25:58 | Build | Farm |
| 26:16 | Build | House |
| 26:21 | Build | Farm |
| 26:59 | Build | House |
| 27:03 | Create | Villager (Male) |
| 27:04 | Create | Villager (Male) |
| 27:04 | Create | Villager (Male) |
| 27:07 | Create | Villager (Male) |
| 27:07 | Create | Villager (Male) |
| 27:16 | Research | Gold Shaft Mining |
| 27:36 | Build | House |
| 27:40 | Build | Farm |
| 27:44 | Build | Farm |
| 27:55 | Build | Town Center |
Build order — Jez
First 150 of 190 actions detected
| 0:04 | Create | Villager (Male) |
| 0:04 | Create | Villager (Male) |
| 0:04 | Create | Villager (Male) |
| 0:05 | Create | Villager (Male) |
| 0:05 | Create | Villager (Male) |
| 0:15 | Build | House |
| 0:16 | Build | House |
| 0:17 | Build | House |
| 2:05 | Create | Villager (Male) |
| 2:31 | Create | Villager (Male) |
| 3:02 | Create | Villager (Male) |
| 3:02 | Create | Villager (Male) |
| 3:25 | Create | Villager (Male) |
| 3:46 | Create | Villager (Male) |
| 3:46 | Create | Villager (Male) |
| 3:46 | Create | Villager (Male) |
| 4:32 | Create | Villager (Male) |
| 4:32 | Create | Villager (Male) |
| 4:32 | Create | Villager (Male) |
| 4:33 | Create | Villager (Male) |
| 5:23 | Create | Villager (Male) |
| 5:24 | Create | Villager (Male) |
| 5:24 | Create | Villager (Male) |
| 5:24 | Create | Villager (Male) |
| 5:35 | Build | House |
| 7:12 | Build | Mill |
| 8:32 | Build | Farm |
| 8:37 | Build | Farm |
| 8:42 | Build | Farm |
| 8:49 | Build | Farm |
| 9:04 | Build | Farm |
| 9:54 | Build | Lumber Camp |
| 10:04 | Build | Farm |
| 10:50 | Build | Farm |
| 10:55 | Research | Feudal Age |
| 11:26 | Build | Farm |
| 11:31 | Build | Farm |
| 12:03 | Build | Farm |
| 12:18 | Build | House |
| 12:22 | Build | House |
| 12:59 | Age | Feudal Age |
| 13:05 | Research | Horse Collar |
| 13:09 | Research | Double-Bit Axe |
| 14:09 | Research | Wheelbarrow |
| 15:20 | Build | Farm |
| 15:24 | Build | Farm |
| 15:30 | Create | Villager (Male) |
| 15:30 | Create | Villager (Male) |
| 15:30 | Create | Villager (Male) |
| 15:31 | Create | Villager (Male) |
| 15:31 | Create | Villager (Male) |
| 15:31 | Create | Villager (Male) |
| 15:31 | Create | Villager (Male) |
| 15:32 | Create | Villager (Male) |
| 15:32 | Create | Villager (Male) |
| 15:32 | Create | Villager (Male) |
| 15:32 | Create | Villager (Male) |
| 15:59 | Build | Farm |
| 16:23 | Build | Farm |
| 16:46 | Build | Farm |
| 17:07 | Build | Mining Camp |
| 18:13 | Build | Mining Camp |
| 18:41 | Research | Gold Mining |
| 18:41 | Research | Stone Mining |
| 20:16 | Create | Villager (Male) |
| 20:16 | Create | Villager (Male) |
| 20:17 | Create | Villager (Male) |
| 20:17 | Create | Villager (Male) |
| 20:17 | Create | Villager (Male) |
| 20:18 | Create | Villager (Male) |
| 20:18 | Create | Villager (Male) |
| 20:18 | Create | Villager (Male) |
| 20:18 | Create | Villager (Male) |
| 20:19 | Create | Villager (Male) |
| 20:19 | Create | Villager (Male) |
| 20:19 | Create | Villager (Male) |
| 20:19 | Create | Villager (Male) |
| 20:20 | Create | Villager (Male) |
| 20:20 | Create | Villager (Male) |
| 20:20 | Create | Villager (Male) |
| 20:46 | Build | House |
| 20:47 | Build | House |
| 20:49 | Build | House |
| 20:51 | Build | House |
| 20:51 | Build | House |
| 22:25 | Build | Farm |
| 22:37 | Build | Farm |
| 23:32 | Build | House |
| 23:35 | Build | House |
| 23:57 | Build | Farm |
| 24:08 | Build | Farm |
| 24:27 | Build | Barracks |
| 25:34 | Build | Stable |
| 26:50 | Build | Archery Range |
| 27:51 | Research | Castle Age |
| 27:59 | Build | Blacksmith |
| 30:17 | Age | Castle Age |
| 30:19 | Research | Hand Cart |
| 30:24 | Research | Heavy Plow |
| 30:26 | Research | Bow Saw |
| 30:33 | Research | Gold Shaft Mining |
| 30:44 | Research | Stone Shaft Mining |
| 32:12 | Build | Town Center |
| 38:38 | Research | Forging |
| 38:38 | Research | Fletching |
| 38:41 | Research | Padded Archer Armor |
| 38:42 | Research | Scale Mail Armor |
| 40:33 | Build | Castle |
| 40:46 | Build | Lumber Camp |
| 42:37 | Build | Mining Camp |
| 43:24 | Research | Imperial Age |
| 43:48 | Create | War Elephant |
| 43:49 | Create | War Elephant |
| 43:49 | Create | War Elephant |
| 43:49 | Create | War Elephant |
| 43:49 | Create | War Elephant |
| 43:50 | Create | War Elephant |
| 43:50 | Create | War Elephant |
| 43:50 | Create | War Elephant |
| 43:50 | Create | War Elephant |
| 43:51 | Create | War Elephant |
| 43:51 | Create | War Elephant |
| 43:51 | Create | War Elephant |
| 43:52 | Create | War Elephant |
| 43:52 | Create | War Elephant |
| 43:52 | Create | War Elephant |
| 44:12 | Build | University |
| 45:33 | Research | Iron Casting |
| 45:34 | Research | Bodkin Arrow |
| 45:45 | Create | Villager (Male) |
| 46:09 | Age | Imperial Age |
| 46:25 | Build | Castle |
| 46:31 | Research | Chemistry |
| 46:46 | Create | War Elephant |
| 46:46 | Create | War Elephant |
| 46:46 | Create | War Elephant |
| 46:47 | Create | War Elephant |
| 46:47 | Create | War Elephant |
| 46:47 | Create | War Elephant |
| 46:47 | Create | War Elephant |
| 49:32 | Research | Elite War Elephant (upgrade) |
| 49:37 | Build | Farm |
| 49:41 | Create | War Elephant |
| 49:42 | Create | War Elephant |
| 49:42 | Create | War Elephant |
| 49:42 | Create | War Elephant |
| 49:42 | Create | War Elephant |
| 49:43 | Create | War Elephant |
| 49:43 | Create | War Elephant |
| 49:43 | Create | War Elephant |
Build order — HerbNavigatorOfTheWorld_Spain
First 150 of 321 actions detected
| 0:15 | Create | Villager (Male) |
| 0:15 | Create | Villager (Male) |
| 0:15 | Create | Villager (Male) |
| 0:15 | Create | Villager (Male) |
| 1:05 | Build | House |
| 1:46 | Build | House |
| 1:48 | Build | House |
| 1:49 | Build | House |
| 2:42 | Create | Villager (Male) |
| 2:42 | Create | Villager (Male) |
| 2:42 | Create | Villager (Male) |
| 2:42 | Create | Villager (Male) |
| 3:16 | Create | Villager (Male) |
| 3:16 | Create | Villager (Male) |
| 4:33 | Build | Lumber Camp |
| 4:56 | Create | Villager (Male) |
| 4:56 | Create | Villager (Male) |
| 4:56 | Create | Villager (Male) |
| 4:56 | Create | Villager (Male) |
| 4:57 | Create | Villager (Male) |
| 5:22 | Build | Mining Camp |
| 7:08 | Create | Villager (Male) |
| 7:08 | Create | Villager (Male) |
| 7:08 | Create | Villager (Male) |
| 7:09 | Create | Villager (Male) |
| 7:09 | Create | Villager (Male) |
| 7:09 | Create | Villager (Male) |
| 7:09 | Create | Villager (Male) |
| 7:09 | Create | Villager (Male) |
| 7:10 | Create | Villager (Male) |
| 7:45 | Build | Mill |
| 8:03 | Create | Villager (Male) |
| 8:03 | Create | Villager (Male) |
| 8:03 | Create | Villager (Male) |
| 10:05 | Build | Farm |
| 10:06 | Build | Farm |
| 10:10 | Build | Farm |
| 10:42 | Build | House |
| 10:43 | Build | House |
| 10:45 | Build | House |
| 10:46 | Build | House |
| 11:07 | Build | Farm |
| 11:21 | Build | Farm |
| 11:39 | Build | Farm |
| 11:40 | Build | Farm |
| 12:47 | Research | Feudal Age |
| 13:11 | Build | Lumber Camp |
| 13:46 | Build | House |
| 14:03 | Build | House |
| 14:06 | Build | House |
| 14:08 | Build | House |
| 14:13 | Create | Villager (Male) |
| 14:13 | Create | Villager (Male) |
| 14:13 | Create | Villager (Male) |
| 14:13 | Create | Villager (Male) |
| 14:13 | Create | Villager (Male) |
| 14:21 | Build | Farm |
| 14:57 | Age | Feudal Age |
| 16:06 | Research | Wheelbarrow |
| 16:07 | Research | Town Watch |
| 16:16 | Build | Farm |
| 16:23 | Build | Farm |
| 18:01 | Build | Dock |
| 18:16 | Create | Villager (Male) |
| 18:16 | Create | Villager (Male) |
| 18:17 | Create | Villager (Male) |
| 18:17 | Create | Villager (Male) |
| 18:28 | Build | Farm |
| 18:56 | Research | Tech 906 |
| 18:58 | Create | Fishing Ship |
| 18:58 | Create | Fishing Ship |
| 18:58 | Create | Fishing Ship |
| 18:59 | Create | Fishing Ship |
| 18:59 | Create | Fishing Ship |
| 18:59 | Create | Fishing Ship |
| 20:09 | Build | Farm |
| 20:13 | Build | Farm |
| 20:15 | Build | Farm |
| 20:18 | Build | Farm |
| 20:55 | Build | Mining Camp |
| 21:51 | Create | Villager (Male) |
| 21:51 | Create | Villager (Male) |
| 21:51 | Create | Villager (Male) |
| 21:51 | Create | Villager (Male) |
| 22:22 | Create | Fishing Ship |
| 22:22 | Create | Fishing Ship |
| 22:23 | Create | Fishing Ship |
| 22:30 | Build | Farm |
| 22:35 | Build | Farm |
| 23:10 | Build | Stone Wall |
| 23:17 | Create | Villager (Male) |
| 23:18 | Create | Villager (Male) |
| 23:18 | Create | Villager (Male) |
| 23:18 | Create | Villager (Male) |
| 23:18 | Create | Villager (Male) |
| 23:18 | Create | Villager (Male) |
| 23:19 | Create | Villager (Male) |
| 23:44 | Build | Market |
| 24:02 | Build | Blacksmith |
| 24:43 | Build | Gate |
| 24:49 | Research | Horse Collar |
| 24:59 | Research | Double-Bit Axe |
| 25:03 | Research | Stone Mining |
| 25:03 | Research | Gold Mining |
| 25:13 | Create | Villager (Male) |
| 25:14 | Create | Villager (Male) |
| 25:14 | Create | Villager (Male) |
| 25:14 | Create | Villager (Male) |
| 25:24 | Build | Farm |
| 25:25 | Build | Farm |
| 26:07 | Create | Galley |
| 26:31 | Create | Galley |
| 26:55 | Build | Farm |
| 27:33 | Build | Stone Wall |
| 28:31 | Build | Stone Wall |
| 29:19 | Build | Outpost |
| 29:26 | Build | Outpost |
| 29:32 | Build | Outpost |
| 29:39 | Build | Outpost |
| 29:47 | Build | Outpost |
| 30:20 | Build | Watch Tower |
| 30:28 | Research | Castle Age |
| 30:29 | Create | Villager (Male) |
| 30:29 | Create | Villager (Male) |
| 30:29 | Create | Villager (Male) |
| 30:30 | Create | Villager (Male) |
| 30:30 | Create | Villager (Male) |
| 30:30 | Create | Villager (Male) |
| 30:30 | Create | Villager (Male) |
| 30:30 | Create | Villager (Male) |
| 30:31 | Create | Villager (Male) |
| 30:31 | Create | Villager (Male) |
| 30:41 | Create | Villager (Male) |
| 30:42 | Create | Villager (Male) |
| 30:42 | Create | Villager (Male) |
| 30:42 | Create | Villager (Male) |
| 33:08 | Age | Castle Age |
| 34:17 | Build | Castle |
| 34:34 | Research | Hand Cart |
| 34:39 | Research | Town Patrol |
| 34:45 | Create | Villager (Male) |
| 34:45 | Create | Villager (Male) |
| 34:45 | Create | Villager (Male) |
| 34:45 | Create | Villager (Male) |
| 34:46 | Create | Villager (Male) |
| 34:46 | Create | Villager (Male) |
| 34:46 | Create | Villager (Male) |
| 34:46 | Create | Villager (Male) |
| 34:47 | Create | Villager (Male) |
| 34:47 | Create | Villager (Male) |
Build order — PAPI ALBERT
First 150 of 300 actions detected
| 0:13 | Research | Loom |
| 0:14 | Create | Villager (Male) |
| 0:14 | Create | Villager (Male) |
| 0:14 | Create | Villager (Male) |
| 0:15 | Create | Villager (Male) |
| 0:51 | Build | House |
| 1:56 | Build | House |
| 2:03 | Create | Villager (Male) |
| 2:37 | Create | Villager (Male) |
| 2:37 | Create | Villager (Male) |
| 2:49 | Build | House |
| 3:18 | Create | Villager (Male) |
| 3:18 | Create | Villager (Male) |
| 3:27 | Build | Lumber Camp |
| 3:57 | Create | Villager (Male) |
| 3:57 | Create | Villager (Male) |
| 4:21 | Build | House |
| 4:28 | Create | Villager (Male) |
| 4:28 | Create | Villager (Male) |
| 5:17 | Build | Outpost |
| 5:22 | Create | Villager (Male) |
| 5:22 | Create | Villager (Male) |
| 6:11 | Build | House |
| 6:17 | Create | Villager (Male) |
| 6:17 | Create | Villager (Male) |
| 6:17 | Create | Villager (Male) |
| 7:30 | Build | Mill |
| 7:32 | Create | Villager (Male) |
| 7:32 | Create | Villager (Male) |
| 7:33 | Create | Villager (Male) |
| 7:33 | Create | Villager (Male) |
| 8:18 | Create | Villager (Male) |
| 8:19 | Create | Villager (Male) |
| 8:19 | Create | Villager (Male) |
| 8:19 | Create | Villager (Male) |
| 9:51 | Build | Dock |
| 10:44 | Build | Farm |
| 10:45 | Build | Farm |
| 10:46 | Build | Farm |
| 10:48 | Build | Farm |
| 11:17 | Build | Farm |
| 11:18 | Build | Farm |
| 11:47 | Build | Palisade Wall |
| 11:59 | Create | Fishing Ship |
| 12:11 | Build | Farm |
| 13:14 | Create | Fishing Ship |
| 13:15 | Create | Fishing Ship |
| 13:49 | Research | Feudal Age |
| 14:02 | Build | Palisade Gate |
| 14:32 | Create | Villager (Male) |
| 14:32 | Create | Villager (Male) |
| 14:32 | Create | Villager (Male) |
| 14:48 | Build | Dock |
| 14:55 | Create | Fishing Ship |
| 14:56 | Create | Fishing Ship |
| 15:59 | Age | Feudal Age |
| 16:10 | Research | Wheelbarrow |
| 16:14 | Research | Horse Collar |
| 16:17 | Research | Double-Bit Axe |
| 16:27 | Create | Fishing Ship |
| 16:28 | Create | Fishing Ship |
| 16:28 | Create | Fishing Ship |
| 16:44 | Build | Dock |
| 16:53 | Build | House |
| 16:55 | Build | House |
| 16:56 | Build | House |
| 17:05 | Create | Villager (Male) |
| 17:06 | Create | Villager (Male) |
| 17:06 | Create | Villager (Male) |
| 17:43 | Create | Fishing Ship |
| 17:44 | Create | Fishing Ship |
| 17:44 | Create | Fishing Ship |
| 17:48 | Create | Fishing Ship |
| 17:56 | Build | Barracks |
| 18:21 | Build | Stone Wall |
| 18:24 | Build | Stone Wall |
| 18:39 | Create | Villager (Male) |
| 18:50 | Create | Fishing Ship |
| 18:59 | Build | Stable |
| 19:15 | Build | Mining Camp |
| 19:24 | Build | Farm |
| 19:26 | Create | Villager (Male) |
| 19:26 | Create | Villager (Male) |
| 20:07 | Create | Villager (Male) |
| 20:08 | Create | Villager (Male) |
| 20:21 | Build | Stable |
| 20:39 | Build | Blacksmith |
| 20:47 | Build | Market |
| 20:55 | Create | Villager (Male) |
| 20:56 | Create | Villager (Male) |
| 21:05 | Build | House |
| 21:06 | Build | House |
| 21:09 | Build | House |
| 22:18 | Build | Stone Wall |
| 22:23 | Build | Gate |
| 22:29 | Create | Villager (Male) |
| 22:29 | Create | Villager (Male) |
| 22:47 | Build | Stone Wall |
| 22:58 | Create | Villager (Male) |
| 23:12 | Build | Mining Camp |
| 23:57 | Research | Castle Age |
| 24:37 | Research | Tech 906 |
| 24:42 | Create | Fishing Ship |
| 24:42 | Create | Fishing Ship |
| 24:42 | Create | Fishing Ship |
| 24:58 | Build | House |
| 25:03 | Build | House |
| 25:05 | Build | House |
| 25:07 | Build | House |
| 25:30 | Build | Stone Wall |
| 25:33 | Build | Gate |
| 25:56 | Build | Outpost |
| 26:26 | Create | Scout Cavalry |
| 26:26 | Create | Scout Cavalry |
| 26:26 | Create | Scout Cavalry |
| 26:27 | Create | Scout Cavalry |
| 26:27 | Create | Scout Cavalry |
| 26:27 | Create | Scout Cavalry |
| 26:27 | Create | Scout Cavalry |
| 26:28 | Create | Scout Cavalry |
| 26:28 | Create | Scout Cavalry |
| 26:28 | Create | Scout Cavalry |
| 26:28 | Create | Scout Cavalry |
| 26:59 | Age | Castle Age |
| 27:03 | Build | House |
| 27:04 | Build | House |
| 27:05 | Build | House |
| 27:24 | Build | Town Center |
| 27:38 | Build | Stone Wall |
| 27:45 | Research | Hand Cart |
| 27:46 | Create | Villager (Male) |
| 27:46 | Create | Villager (Male) |
| 27:46 | Create | Villager (Male) |
| 27:46 | Create | Villager (Male) |
| 27:53 | Build | Town Center |
| 28:11 | Build | Siege Workshop |
| 28:47 | Create | Villager (Male) |
| 28:48 | Create | Villager (Male) |
| 28:48 | Create | Villager (Male) |
| 28:48 | Create | Villager (Male) |
| 28:49 | Create | Villager (Male) |
| 28:49 | Create | Villager (Male) |
| 28:49 | Create | Villager (Male) |
| 28:49 | Create | Villager (Male) |
| 28:50 | Create | Villager (Male) |
| 29:04 | Build | Lumber Camp |
| 29:27 | Research | Husbandry |
| 29:29 | Research | Light Cavalry (upgrade) |
| 29:39 | Build | House |
| 29:40 | Build | House |
Build order — Lewicha
First 150 of 319 actions detected
| 0:06 | Build | House |
| 0:26 | Build | House |
| 0:34 | Create | Villager (Male) |
| 0:35 | Create | Villager (Male) |
| 0:35 | Create | Villager (Male) |
| 1:51 | Create | Villager (Male) |
| 3:21 | Create | Villager (Male) |
| 3:22 | Create | Villager (Male) |
| 4:28 | Create | Villager (Male) |
| 4:29 | Create | Villager (Male) |
| 4:59 | Build | House |
| 5:45 | Build | Lumber Camp |
| 5:59 | Create | Villager (Male) |
| 5:59 | Create | Villager (Male) |
| 6:00 | Create | Villager (Male) |
| 6:02 | Create | Villager (Male) |
| 7:24 | Build | Mill |
| 8:04 | Create | Villager (Male) |
| 8:04 | Create | Villager (Male) |
| 8:06 | Create | Villager (Male) |
| 8:07 | Create | Villager (Male) |
| 8:58 | Build | House |
| 9:12 | Build | Mill |
| 11:11 | Build | Dock |
| 11:33 | Research | Feudal Age |
| 12:03 | Build | Farm |
| 12:12 | Build | Farm |
| 12:14 | Build | Farm |
| 13:04 | Build | Farm |
| 13:32 | Build | Farm |
| 13:43 | Age | Feudal Age |
| 13:55 | Research | Double-Bit Axe |
| 14:06 | Build | Farm |
| 14:34 | Build | Farm |
| 14:43 | Build | Farm |
| 14:49 | Create | Villager (Male) |
| 14:49 | Create | Villager (Male) |
| 14:50 | Create | Villager (Male) |
| 14:50 | Create | Villager (Male) |
| 14:50 | Create | Villager (Male) |
| 14:51 | Create | Villager (Male) |
| 14:51 | Create | Villager (Male) |
| 14:54 | Create | Villager (Male) |
| 15:06 | Build | Farm |
| 15:29 | Build | House |
| 15:31 | Build | House |
| 15:33 | Build | House |
| 15:50 | Research | Horse Collar |
| 15:58 | Research | Wheelbarrow |
| 16:11 | Build | Farm |
| 16:31 | Research | Town Watch |
| 16:43 | Build | Mining Camp |
| 17:23 | Build | Barracks |
| 17:53 | Build | Mining Camp |
| 18:30 | Build | Blacksmith |
| 19:00 | Create | Villager (Male) |
| 19:01 | Create | Villager (Male) |
| 19:03 | Create | Villager (Male) |
| 19:36 | Create | Villager (Male) |
| 19:37 | Create | Villager (Male) |
| 19:41 | Research | Man-at-Arms (upgrade) |
| 19:47 | Research | Scale Mail Armor |
| 19:57 | Build | Market |
| 20:13 | Create | Villager (Male) |
| 20:13 | Create | Villager (Male) |
| 20:14 | Create | Villager (Male) |
| 20:32 | Create | Fishing Ship |
| 20:32 | Create | Fishing Ship |
| 20:36 | Research | Tech 906 |
| 20:40 | Create | Fishing Ship |
| 20:40 | Create | Fishing Ship |
| 20:40 | Create | Fishing Ship |
| 20:41 | Create | Fishing Ship |
| 21:17 | Create | Militia |
| 21:18 | Create | Militia |
| 21:18 | Create | Militia |
| 21:18 | Create | Militia |
| 21:19 | Create | Militia |
| 21:20 | Create | Militia |
| 21:21 | Create | Militia |
| 22:22 | Build | Stone Wall |
| 22:39 | Build | House |
| 23:54 | Build | Stone Wall |
| 24:46 | Build | House |
| 24:47 | Build | House |
| 25:03 | Create | Fishing Ship |
| 25:03 | Create | Fishing Ship |
| 25:27 | Create | Militia |
| 25:27 | Create | Militia |
| 25:28 | Create | Militia |
| 25:28 | Create | Militia |
| 25:28 | Create | Militia |
| 25:29 | Create | Militia |
| 25:31 | Create | Militia |
| 25:34 | Create | Spearman |
| 25:34 | Create | Spearman |
| 25:34 | Create | Spearman |
| 26:13 | Create | Galley |
| 26:17 | Create | Galley |
| 26:24 | Research | Castle Age |
| 26:47 | Build | House |
| 26:48 | Build | House |
| 26:49 | Build | House |
| 26:50 | Build | House |
| 27:45 | Build | Stone Wall |
| 28:22 | Create | Spearman |
| 28:23 | Create | Spearman |
| 28:39 | Create | Trade Cart |
| 28:40 | Create | Trade Cart |
| 29:04 | Age | Castle Age |
| 29:05 | Create | Fishing Ship |
| 29:06 | Create | Fishing Ship |
| 29:09 | Research | Gillnets |
| 29:15 | Research | Hand Cart |
| 29:17 | Research | Heavy Plow |
| 29:22 | Research | Bow Saw |
| 29:44 | Build | Archery Range |
| 29:51 | Build | Stable |
| 30:06 | Build | Siege Workshop |
| 30:33 | Research | Chain Mail Armor |
| 30:37 | Research | Fletching |
| 30:42 | Research | Padded Archer Armor |
| 30:52 | Create | Fishing Ship |
| 30:52 | Create | Fishing Ship |
| 31:14 | Build | Stone Wall |
| 31:22 | Build | Gate |
| 31:33 | Build | Stone Wall |
| 31:46 | Research | Town Patrol |
| 31:46 | Create | Villager (Male) |
| 31:47 | Create | Villager (Male) |
| 31:47 | Create | Villager (Male) |
| 31:48 | Create | Villager (Male) |
| 32:42 | Build | Monastery |
| 33:02 | Build | Castle |
| 33:34 | Create | Monk |
| 34:03 | Research | Husbandry |
| 34:03 | Create | Knight |
| 34:04 | Create | Knight |
| 34:04 | Create | Knight |
| 34:05 | Create | Knight |
| 34:05 | Create | Knight |
| 34:13 | Create | Scorpion |
| 34:13 | Create | Scorpion |
| 34:14 | Create | Scorpion |
| 34:14 | Create | Scorpion |
| 34:14 | Create | Scorpion |
| 34:15 | Create | Scorpion |
| 34:16 | Create | Scorpion |
| 34:16 | Create | Scorpion |
| 34:19 | Create | Scorpion |
Build order — El Ozil Tucumano⭐⭐⭐
First 150 of 459 actions detected
| 0:17 | Build | House |
| 0:18 | Build | House |
| 0:26 | Build | Mill |
| 0:30 | Research | Loom |
| 0:31 | Create | Villager (Male) |
| 0:31 | Create | Villager (Male) |
| 0:31 | Create | Villager (Male) |
| 0:31 | Create | Villager (Male) |
| 0:32 | Create | Villager (Male) |
| 2:42 | Create | Villager (Male) |
| 2:42 | Create | Villager (Male) |
| 2:42 | Create | Villager (Male) |
| 3:03 | Create | Villager (Male) |
| 3:03 | Create | Villager (Male) |
| 3:03 | Create | Villager (Male) |
| 3:58 | Create | Villager (Male) |
| 3:58 | Create | Villager (Male) |
| 6:22 | Build | Lumber Camp |
| 6:33 | Create | Villager (Male) |
| 6:33 | Create | Villager (Male) |
| 6:33 | Create | Villager (Male) |
| 6:33 | Create | Villager (Male) |
| 6:34 | Create | Villager (Male) |
| 6:34 | Create | Villager (Male) |
| 6:34 | Create | Villager (Male) |
| 6:34 | Create | Villager (Male) |
| 6:34 | Create | Villager (Male) |
| 6:35 | Create | Villager (Male) |
| 7:13 | Build | House |
| 8:44 | Build | Mining Camp |
| 10:04 | Build | Farm |
| 10:51 | Build | Farm |
| 10:57 | Build | Farm |
| 12:03 | Build | Dock |
| 12:38 | Create | Fishing Ship |
| 12:38 | Create | Fishing Ship |
| 12:39 | Create | Fishing Ship |
| 12:39 | Create | Fishing Ship |
| 12:51 | Research | Feudal Age |
| 13:03 | Build | Mining Camp |
| 13:34 | Create | Fishing Ship |
| 13:35 | Create | Fishing Ship |
| 13:42 | Build | House |
| 13:43 | Build | House |
| 13:44 | Build | House |
| 13:53 | Create | Villager (Male) |
| 13:53 | Create | Villager (Male) |
| 14:39 | Create | Fishing Ship |
| 14:40 | Create | Fishing Ship |
| 14:40 | Create | Fishing Ship |
| 14:46 | Create | Villager (Male) |
| 15:01 | Age | Feudal Age |
| 15:34 | Build | Farm |
| 16:00 | Build | Farm |
| 16:09 | Research | Stone Mining |
| 16:35 | Research | Tech 906 |
| 16:46 | Create | Villager (Male) |
| 16:46 | Create | Villager (Male) |
| 16:56 | Build | Market |
| 17:09 | Build | Lumber Camp |
| 17:26 | Build | Farm |
| 17:54 | Create | Villager (Male) |
| 17:54 | Create | Villager (Male) |
| 18:28 | Build | Farm |
| 18:49 | Build | Barracks |
| 19:06 | Build | Farm |
| 19:59 | Build | Blacksmith |
| 20:11 | Research | Wheelbarrow |
| 21:47 | Create | Fishing Ship |
| 21:47 | Create | Fishing Ship |
| 21:47 | Create | Fishing Ship |
| 21:48 | Create | Fishing Ship |
| 22:00 | Create | Villager (Male) |
| 22:00 | Create | Villager (Male) |
| 22:00 | Create | Villager (Male) |
| 22:01 | Create | Villager (Male) |
| 22:01 | Create | Villager (Male) |
| 22:09 | Create | Villager (Male) |
| 22:09 | Create | Villager (Male) |
| 22:09 | Create | Villager (Male) |
| 22:09 | Create | Villager (Male) |
| 22:10 | Create | Villager (Male) |
| 22:10 | Create | Villager (Male) |
| 22:49 | Build | House |
| 22:50 | Build | House |
| 24:02 | Build | Mining Camp |
| 24:24 | Research | Castle Age |
| 24:28 | Research | Castle Age |
| 24:33 | Build | Farm |
| 25:06 | Research | Gold Mining |
| 25:34 | Research | Double-Bit Axe |
| 25:42 | Build | Archery Range |
| 26:12 | Create | Trade Cart |
| 26:12 | Create | Trade Cart |
| 26:12 | Create | Trade Cart |
| 26:26 | Research | Scale Mail Armor |
| 26:31 | Research | Scale Barding Armor |
| 26:36 | Research | Padded Archer Armor |
| 27:02 | Create | Fishing Ship |
| 27:03 | Create | Fishing Ship |
| 27:22 | Age | Castle Age |
| 27:33 | Build | Town Center |
| 27:39 | Research | Bow Saw |
| 27:42 | Research | Chain Mail Armor |
| 29:39 | Research | Hand Cart |
| 29:44 | Create | Villager (Male) |
| 29:45 | Create | Villager (Male) |
| 29:45 | Create | Villager (Male) |
| 29:45 | Create | Villager (Male) |
| 29:47 | Create | Villager (Male) |
| 30:07 | Create | Villager (Male) |
| 30:07 | Create | Villager (Male) |
| 30:08 | Create | Villager (Male) |
| 30:08 | Create | Villager (Male) |
| 30:08 | Create | Villager (Male) |
| 30:08 | Create | Villager (Male) |
| 30:09 | Create | Villager (Male) |
| 30:09 | Create | Villager (Male) |
| 30:21 | Build | Lumber Camp |
| 30:42 | Build | House |
| 30:43 | Build | House |
| 31:05 | Build | Castle |
| 31:20 | Build | Farm |
| 31:29 | Build | Farm |
| 31:45 | Research | Chain Barding Armor |
| 31:45 | Research | Leather Archer Armor |
| 31:48 | Research | Fletching |
| 31:59 | Create | Villager (Male) |
| 32:00 | Create | Villager (Male) |
| 32:00 | Create | Villager (Male) |
| 32:00 | Create | Villager (Male) |
| 32:00 | Create | Villager (Male) |
| 32:17 | Build | Farm |
| 32:21 | Build | Farm |
| 32:47 | Build | Farm |
| 34:52 | Research | Imperial Age |
| 35:42 | Build | Barracks |
| 35:45 | Build | Archery Range |
| 35:51 | Build | Stable |
| 36:02 | Build | Stable |
| 36:13 | Research | Bearded Axe |
| 36:20 | Create | Villager (Male) |
| 36:21 | Create | Villager (Male) |
| 36:21 | Create | Villager (Male) |
| 36:21 | Create | Villager (Male) |
| 36:21 | Create | Villager (Male) |
| 36:22 | Create | Villager (Male) |
| 36:59 | Build | Farm |
| 37:25 | Build | Farm |
| 37:47 | Build | Farm |
Build order — birtanonline
First 150 of 406 actions detected
| 0:26 | Create | Villager (Male) |
| 0:26 | Research | Loom |
| 0:26 | Create | Villager (Male) |
| 0:27 | Create | Villager (Male) |
| 0:27 | Create | Villager (Male) |
| 1:09 | Build | House |
| 1:12 | Build | House |
| 1:14 | Build | House |
| 1:18 | Build | House |
| 2:16 | Create | Villager (Male) |
| 3:10 | Create | Villager (Male) |
| 3:11 | Create | Villager (Male) |
| 3:52 | Create | Villager (Male) |
| 4:03 | Create | Villager (Male) |
| 4:51 | Create | Villager (Male) |
| 5:02 | Build | Mill |
| 5:09 | Create | Villager (Male) |
| 5:37 | Create | Villager (Male) |
| 6:05 | Create | Villager (Male) |
| 6:08 | Build | Lumber Camp |
| 6:20 | Create | Villager (Male) |
| 6:54 | Create | Villager (Male) |
| 7:17 | Create | Villager (Male) |
| 7:38 | Create | Villager (Male) |
| 7:50 | Build | Farm |
| 8:07 | Create | Villager (Male) |
| 8:18 | Build | Farm |
| 8:35 | Create | Villager (Male) |
| 8:39 | Build | Farm |
| 8:58 | Create | Villager (Male) |
| 9:03 | Build | House |
| 9:05 | Build | House |
| 9:13 | Build | House |
| 9:16 | Build | House |
| 9:20 | Build | House |
| 9:22 | Build | House |
| 9:24 | Build | House |
| 9:30 | Build | House |
| 9:31 | Build | House |
| 9:34 | Build | House |
| 9:38 | Create | Villager (Male) |
| 9:51 | Build | Farm |
| 10:02 | Create | Villager (Male) |
| 10:25 | Create | Villager (Male) |
| 10:32 | Build | Farm |
| 10:50 | Create | Villager (Male) |
| 11:04 | Build | Farm |
| 11:18 | Create | Villager (Male) |
| 11:27 | Build | Farm |
| 11:42 | Create | Villager (Male) |
| 12:11 | Create | Villager (Male) |
| 12:16 | Build | Farm |
| 12:28 | Research | Feudal Age |
| 12:36 | Build | Farm |
| 12:51 | Build | Farm |
| 13:11 | Build | Farm |
| 13:14 | Create | Villager (Male) |
| 13:15 | Create | Villager (Male) |
| 13:31 | Build | Farm |
| 13:47 | Build | Farm |
| 14:17 | Build | Farm |
| 14:21 | Build | Farm |
| 14:30 | Build | Farm |
| 14:38 | Create | Villager (Male) |
| 14:46 | Build | Mining Camp |
| 14:46 | Age | Feudal Age |
| 14:50 | Research | Town Watch |
| 15:06 | Research | Double-Bit Axe |
| 15:14 | Create | Villager (Male) |
| 15:55 | Build | Stone Wall |
| 16:05 | Build | Stone Wall |
| 16:15 | Create | Villager (Male) |
| 16:17 | Research | Wheelbarrow |
| 16:24 | Build | Blacksmith |
| 16:38 | Build | Barracks |
| 16:44 | Create | Villager (Male) |
| 16:58 | Build | Mining Camp |
| 17:03 | Build | Mining Camp |
| 17:24 | Create | Villager (Male) |
| 17:41 | Build | Market |
| 17:58 | Build | Farm |
| 18:09 | Build | Farm |
| 18:25 | Build | Farm |
| 18:36 | Create | Villager (Male) |
| 19:23 | Create | Villager (Male) |
| 19:38 | Build | Gate |
| 19:47 | Build | Stable |
| 19:52 | Create | Villager (Male) |
| 20:06 | Build | Market |
| 20:15 | Research | Stone Mining |
| 20:31 | Build | Farm |
| 20:43 | Research | Gold Mining |
| 20:47 | Create | Villager (Male) |
| 20:49 | Create | Villager (Male) |
| 21:24 | Research | Castle Age |
| 21:39 | Research | Scale Barding Armor |
| 21:40 | Research | Forging |
| 21:46 | Research | Fletching |
| 22:15 | Build | Lumber Camp |
| 22:29 | Build | Gate |
| 22:34 | Create | Villager (Male) |
| 22:35 | Create | Villager (Male) |
| 22:37 | Create | Villager (Male) |
| 22:50 | Create | Trade Cart |
| 22:51 | Create | Trade Cart |
| 22:59 | Create | Villager (Male) |
| 23:32 | Build | Stable |
| 24:16 | Build | Stable |
| 24:17 | Age | Castle Age |
| 24:21 | Research | Gold Shaft Mining |
| 24:25 | Research | Town Patrol |
| 24:55 | Research | Bow Saw |
| 25:05 | Create | Villager (Male) |
| 25:17 | Research | Husbandry |
| 25:21 | Research | Bodkin Arrow |
| 25:22 | Research | Iron Casting |
| 25:30 | Create | Villager (Male) |
| 25:49 | Create | Trade Cart |
| 26:00 | Build | Monastery |
| 26:06 | Create | Villager (Male) |
| 26:26 | Research | Hand Cart |
| 26:27 | Create | Villager (Male) |
| 26:39 | Build | Farm |
| 26:49 | Create | Monk |
| 27:11 | Build | Stone Wall |
| 27:19 | Build | Gate |
| 27:26 | Research | Fervor |
| 27:31 | Create | Trade Cart |
| 27:31 | Create | Trade Cart |
| 27:45 | Build | University |
| 28:07 | Create | Trade Cart |
| 28:50 | Research | Chain Barding Armor |
| 28:52 | Research | Scale Mail Armor |
| 29:00 | Research | Fortified Wall (upgrade) |
| 29:03 | Research | Murder Holes |
| 29:04 | Research | Masonry |
| 29:15 | Create | Villager (Male) |
| 29:15 | Create | Villager (Male) |
| 29:20 | Create | Villager (Male) |
| 29:21 | Create | Villager (Male) |
| 29:38 | Build | Stable |
| 29:45 | Build | Stable |
| 30:55 | Build | Town Center |
| 31:45 | Build | Mining Camp |
| 31:48 | Build | Farm |
| 31:56 | Research | Caravan |
| 31:57 | Build | Farm |
| 32:02 | Create | Villager (Male) |
| 32:03 | Create | Villager (Male) |
| 32:47 | Build | Castle |
Match timeline
| 9:51 | PAPI ALBERT · first_building Dock |
| 10:34 | lucas_alfano · age_up feudal |
| 11:11 | Lewicha · first_building Dock |
| 11:47 | PAPI ALBERT · wall_segment Palisade Wall x16 |
| 12:03 | El Ozil Tucumano⭐⭐⭐ · first_building Dock |
| 12:21 | FREDRIK · age_up feudal |
| 12:59 | Jez · age_up feudal |
| 13:43 | Lewicha · age_up feudal |
| 14:46 | birtanonline · age_up feudal |
| 14:57 | HerbNavigatorOfTheWorld_Spain · age_up feudal |
| 15:01 | El Ozil Tucumano⭐⭐⭐ · age_up feudal |
| 15:55 | birtanonline · wall_segment Stone Wall x11 |
| 15:59 | PAPI ALBERT · age_up feudal |
| 16:05 | birtanonline · wall_segment Stone Wall x44 |
| 16:38 | birtanonline · first_building Barracks |
| 17:23 | Lewicha · first_building Barracks |
| 17:56 | PAPI ALBERT · first_building Barracks |
| 18:01 | HerbNavigatorOfTheWorld_Spain · first_building Dock |
| 18:21 | PAPI ALBERT · wall_segment Stone Wall x6 |
| 18:24 | PAPI ALBERT · wall_segment Stone Wall x7 |
| 18:49 | El Ozil Tucumano⭐⭐⭐ · first_building Barracks |
| 18:59 | PAPI ALBERT · first_building Stable |
| 19:47 | birtanonline · first_building Stable |
| 21:02 | lucas_alfano · age_up castle |
| 22:18 | PAPI ALBERT · wall_segment Stone Wall x13 |
| 22:22 | Lewicha · wall_segment Stone Wall x13 |
| 22:47 | PAPI ALBERT · wall_segment Stone Wall x1 |
| 23:10 | HerbNavigatorOfTheWorld_Spain · wall_segment Stone Wall x29 |
| 23:21 | FREDRIK · age_up castle |
| 23:54 | Lewicha · wall_segment Stone Wall x29 |
| 24:17 | birtanonline · age_up castle |
| 24:27 | Jez · first_building Barracks |
| 25:30 | PAPI ALBERT · wall_segment Stone Wall x19 |
| 25:34 | Jez · first_building Stable |
| 25:40 | lucas_alfano · first_building Castle |
| 25:42 | El Ozil Tucumano⭐⭐⭐ · first_building Archery Range |
| 26:00 | birtanonline · first_building Monastery |
| 26:50 | Jez · first_building Archery Range |
| 26:59 | PAPI ALBERT · age_up castle |
| 27:11 | birtanonline · wall_segment Stone Wall x14 |
| 27:22 | El Ozil Tucumano⭐⭐⭐ · age_up castle |
| 27:33 | HerbNavigatorOfTheWorld_Spain · wall_segment Stone Wall x6 |
| 27:38 | PAPI ALBERT · wall_segment Stone Wall x5 |
| 27:45 | Lewicha · wall_segment Stone Wall x26 |
| 28:11 | PAPI ALBERT · first_building Siege Workshop |
| 28:31 | HerbNavigatorOfTheWorld_Spain · wall_segment Stone Wall x8 |
| 29:04 | Lewicha · age_up castle |
| 29:44 | Lewicha · first_building Archery Range |
| 29:51 | Lewicha · first_building Stable |
| 30:03 | PAPI ALBERT · first_building Monastery |
| 30:06 | Lewicha · first_building Siege Workshop |
| 30:17 | Jez · age_up castle |
| 30:31 | FREDRIK · first_building Castle |
| 30:48 | birtanonline · first_market_buy 100 wood |
| 31:05 | El Ozil Tucumano⭐⭐⭐ · first_building Castle |
| 31:14 | Lewicha · wall_segment Stone Wall x8 |
| 31:33 | Lewicha · wall_segment Stone Wall x5 |
| 32:16 | FREDRIK · first_building Barracks |
| 32:42 | Lewicha · first_building Monastery |
| 32:47 | birtanonline · first_building Castle |
| 33:02 | Lewicha · first_building Castle |
| 33:08 | HerbNavigatorOfTheWorld_Spain · age_up castle |
| 33:12 | PAPI ALBERT · first_building Castle |
| 34:02 | HerbNavigatorOfTheWorld_Spain · first_market_buy 100 stone |
| 34:17 | HerbNavigatorOfTheWorld_Spain · first_building Castle |
| 35:10 | FREDRIK · age_up imperial |
| 35:23 | lucas_alfano · first_building Siege Workshop |
| 35:51 | El Ozil Tucumano⭐⭐⭐ · first_building Stable |
| 36:07 | PAPI ALBERT · age_up imperial |
| 36:55 | lucas_alfano · first_building Monastery |
| 37:12 | birtanonline · age_up imperial |
| 37:21 | lucas_alfano · age_up imperial |
| 37:57 | PAPI ALBERT · wall_segment Stone Wall x7 |
| 38:08 | PAPI ALBERT · wall_segment Stone Wall x14 |
| 38:18 | El Ozil Tucumano⭐⭐⭐ · age_up imperial |
| 38:28 | El Ozil Tucumano⭐⭐⭐ · first_building Siege Workshop |
| 38:57 | HerbNavigatorOfTheWorld_Spain · wall_segment Stone Wall x8 |
| 39:09 | HerbNavigatorOfTheWorld_Spain · wall_segment Stone Wall x6 |
| 39:10 | lucas_alfano · first_building Barracks |
| 39:21 | birtanonline · first_market_sell 100 stone |
| 40:33 | Jez · first_building Castle |
| 40:51 | HerbNavigatorOfTheWorld_Spain · age_up imperial |
| 41:30 | FREDRIK · first_building Stable |
| 41:37 | lucas_alfano · first_building Stable |
| 42:03 | Lewicha · wall_segment Stone Wall x10 |
| 43:25 | Lewicha · age_up imperial |
| 46:09 | Jez · age_up imperial |
| 47:15 | HerbNavigatorOfTheWorld_Spain · first_market_sell 100 food |
| 49:31 | PAPI ALBERT · first_market_buy 100 stone |
| 49:59 | HerbNavigatorOfTheWorld_Spain · wall_segment Stone Wall x4 |
| 50:13 | HerbNavigatorOfTheWorld_Spain · wall_segment Stone Wall x12 |
| 50:20 | HerbNavigatorOfTheWorld_Spain · wall_segment Stone Wall x11 |
| 50:32 | PAPI ALBERT · resign |
| 51:25 | Jez · first_building Siege Workshop |
| 54:52 | FREDRIK · first_market_buy 100 wood |
| 54:55 | FREDRIK · first_market_sell 100 food |
| 61:26 | Jez · first_building Monastery |
| 64:36 | birtanonline · wall_segment Stone Wall x5 |
| 67:55 | HerbNavigatorOfTheWorld_Spain · first_building Barracks |
| 68:58 | HerbNavigatorOfTheWorld_Spain · first_building Archery Range |
[ AI ANALYSIS · 1 CREDIT ]
What really happened in this match?
Wolo.gg analyzes every decision: build order, eco, micro, common mistakes by bracket. Personalized analysis on WhatsApp or Discord in 30 seconds.
Civ guide
Spanish
Perfil
Jugador #4734289